 Dungeon Crawl Stone Soup version 0.26.0-10-g1f06aea511 (webtiles) character file.

Game seed: 5767684308055680555

1655 pkoi the Cleaver (level 8, -3/100 HPs)
             Began as a Minotaur Gladiator on Jan 14, 2021.
             Was a Priest of Ru.
             Slain by a killer bee (6 damage)
             ... on level 8 of the Dungeon.
             The game lasted 00:10:10 (9267 turns).

pkoi the Cleaver (Minotaur Gladiator)               Turns: 9267, Time: 00:10:10

Health: -3/100     AC: 19    Str: 20    XL:     8   Next: 68%
Magic:  7/7        EV:  2    Int:  7    God:    Ru [***...]
Gold:   357        SH:  0    Dex: 11    Spells: 7/7 levels left

rFire    . . .     SeeInvis .   K - +0 battleaxe
rCold    . . .     Faith    .   (shield currently unavailable)
rNeg     + + +     Spirit   .   (armour currently unavailable)
rPois    +         Reflect  .   (helmet currently unavailable)
rElec    .         Harm     .   (cloak currently unavailable)
rCorr    +         Rampage  .   (gloves currently unavailable)
Will     .....     NoTele   +   (boots currently unavailable)
Stlth    +.........             h - amulet of the acrobat
HPRegen  0.26/turn              s - ring of resist corrosion
MPRegen  0.10/turn              (no ring)

@: lethally poisoned (-3 -> -24), tree-form
A: (retaliatory headbutt), blurry vision 1, clever 1, weak 1, reduced AC 1,
disrupted magic 1, inexperienced 1
a: Renounce Religion, Draw Out Power


You were on level 8 of the Dungeon.
You worshipped Ru.
Ru was most pleased with you.
You were a tree.
You visited 1 branch of the dungeon, and saw 8 of its levels.
You also visited: Sewer.

You collected 357 gold pieces.

Inventory:

Hand Weapons
 a - a +0 war axe
 K - a +0 battleaxe (weapon)
Missiles
 d - 4 throwing nets (quivered)
 q - 10 boomerangs
 w - 8 datura-tipped darts
 z - 25 poisoned darts
 H - 8 javelins
Armour
 c - a +0 hat (melded)
 i - a +1 pair of gloves (melded)
 p - a +0 chain mail (melded)
 F - a scarf of invisibility (melded)
Jewellery
 h - an amulet of the acrobat (around neck)
 s - a ring of resist corrosion (left branch)
 C - an uncursed ring of wizardry
 J - the ring of Xom's Bemusement {Ice MP+9 Str+2 SInv}
   (You found it on level 6 of the Dungeon)

   [ring of ice]

   It enhances your ice magic.
   It affects your strength (+2).
   It makes you vulnerable to fire.
   It protects you from cold.
   It affects your magic capacity (+9).
   It lets you see invisible.
 N - an uncursed amulet of magic regeneration
Wands
 n - a wand of digging (13)
 y - a wand of flame (37)
 E - a wand of iceblast (8)
 G - a wand of random effects (12)
 I - a wand of acid (7)
Scrolls
 g - 7 scrolls of teleportation
 j - 9 scrolls of identify
 l - 3 scrolls of magic mapping
 r - 4 scrolls of amnesia {unknown}
 u - a scroll of enchant armour {unknown}
 B - a scroll of noise {unknown}
 L - 3 scrolls of remove curse
Potions
 b - 3 potions of curing {unknown}
 e - 2 potions of attraction {unknown}
 f - 2 potions of haste {unknown}
 k - a potion of lignification
 m - 2 potions of berserk rage {unknown}
 o - a potion of magic {unknown}
 t - a potion of degeneration
 v - a potion of mutation
 x - a potion of resistance {unknown}
 A - a potion of invisibility {unknown}
 D - 2 potions of heal wounds {unknown}
 M - a potion of brilliance {unknown}


   Skills:
 + Level 4.3 Fighting
 + Level 13.0 Axes
 + Level 3.5 Throwing
 + Level 3.3 Armour
 - Level 3.2 Dodging


You had 7 spell levels left.
You didn't know any spells.
Your spell library contained the following spells:

 Spells                   Type           Power        Failure   Level
 Animate Skeleton         Necr           0%           52%         1
 Apportation              Tloc           0%           52%         1
 Corona                   Hex            0%           52%         1
 Summon Small Mammal      Summ           0%           52%         1
 Bolt of Magma            Conj/Fire/Erth 0%           100%        5
 Iskenderun's Battlesphe  Conj           0%           100%        5
 Iron Shot                Conj/Erth      0%           100%        6
 Orb of Destruction       Conj           0%           100%        7
 Spellforged Servitor     Conj/Summ      0%           100%        7


Dungeon Overview and Level Annotations

Branches:
Dungeon (8/15)             Temple (0/1) D:4           Sewer (visited)
   Lair: D:8-11

Altars:
Ashenzari
Cheibriados
Elyvilon
Hepliaklqana
Ru
Vehumet
Wu Jian
Yredelemnul


Innate Abilities, Weirdness & Mutations

((You reflexively headbutt those who attack you in melee.))
((You have a pair of horns on your head.))
You take slightly more damage. (AC -5)
Your casting is slightly disrupted.
You are somewhat inexperienced. (-2 XL)
((You have large cloven feet.))
Scrolls take you a little longer to read.
Your mind is acute. (Int +2)
You are weak. (Str -2)


Message History

The killer bee closely misses you. You furiously retaliate!
You headbutt the killer bee!
You kill the killer bee!
The killer bee stings you.
* * * LOW HITPOINT WARNING * * *
The killer bee closely misses you.
The killer bee is stunned by your conviction and fails to attack.
The killer bee closely misses you.
Really quaff the potion of lignification?
You turn into a tree.
Your scarf of invisibility melds into your body.
Your +0 hat melds into your body.
Your +1 pair of gloves melds into your body.
Your +0 chain mail melds into your body.
Your roots penetrate the ground.
* * * LOW HITPOINT WARNING * * *
You feel very sick.
The killer bee stings you but does no damage. x2
The killer bee stings you.
You die...

#.. ....
....# ....##
#...###
#.....###
#....yy.##...
#....♣y......
#....###.....
##...## ...
##....# .
##.....#
##......##
.........#
##..#....#
#...#..<## .#


You could see 3 killer bees.

Vanquished Creatures
  An ice beast (D:7)
  A phantom (D:5)
  A sky beast (D:5)
  An ogre (D:5)
  3 bullfrogs
  A water moccasin skeleton (D:5)
  3 scorpions
  3 killer bees (D:8)
  A howler monkey (D:5)
  A bullfrog zombie (D:6)
  A quasit (D:8)
  A bullfrog skeleton (D:7)
  A jelly (D:6)
  4 hounds
  2 orc priests
  A centaur skeleton (D:5)
  2 iguanas (D:7)
  Terence (D:2)
  Natasha (twice) (D:2)
  6 orc wizards
  12 worker ants
  2 hound skeletons
  Robin (D:2)
  6 gnolls
  9 adders
  4 white imps
  7 oozes
  2 ufetubi
  5 worms
  3 dart slugs
  14 leopard geckos
  22 orcs
  16 giant cockroaches
  11 goblins
  7 hobgoblins
  5 jackals
  3 kobolds
  2 quokkas
  15 ball pythons
  4 bats
  14 frilled lizards
  A leopard gecko skeleton (D:6)
  6 rats
208 creatures vanquished.

Notes
Turn   | Place    | Note
-------+----------+-------------------------------------------
     0 | D:1      | pkoi the Minotaur Gladiator began the quest for the Orb.
     0 | D:1      | Reached XP level 1. HP: 18/18 MP: 0/0
   158 | D:1      | Reached skill level 4 in Axes
   392 | D:1      | Reached XP level 2. HP: 25/25 MP: 1/1
  1027 | D:2      | Reached skill level 5 in Axes
  1032 | D:2      | Reached XP level 3. HP: 21/30 MP: 2/2
  1121 | D:2      | Noticed Natasha
  1132 | D:2      | Killed Natasha
  1369 | D:2      | Found a sacrificial altar of Ru.
  1427 | D:2      | Became a worshipper of Ru the Awakened
  1523 | D:2      | Noticed Terence
  1534 | D:2      | Killed Terence
  1535 | D:2      | Reached skill level 6 in Axes
  1535 | D:2      | Reached XP level 4. HP: 37/37 MP: 3/3
  1819 | D:2      | Noticed Natasha
  1820 | D:2      | Noticed Robin
  1830 | D:2      | Killed Robin
  1836 | D:2      | Killed Natasha
  1958 | D:2      | Reached XP level 5. HP: 34/42 MP: 4/4
  2083 | D:3      | Reached skill level 7 in Axes
  2243 | D:3      | Found a glowing drain.
  2258 | Sewer    | Entered a sewer
  2421 | Sewer    | Gained mutation: Your casting is slightly disrupted. [Ru
                  | sacrifice]
  2739 | Sewer    | Reached skill level 8 in Axes
  2847 | Sewer    | Reached XP level 6. HP: 46/50 MP: 5/5
  3092 | D:3      | Reached skill level 9 in Axes
  3306 | D:3      | Gained mutation: You have large cloven feet. [potion of
                  | mutation]
  3306 | D:3      | Gained mutation: You are weak. (Str -2) [potion of
                  | mutation]
  3306 | D:3      | Gained mutation: Scrolls take you a little longer to read.
                  | [potion of mutation]
  3306 | D:3      | Gained mutation: Your mind is acute. (Int +2) [potion of
                  | mutation]
  3324 | D:3      | HP: 1/50 [orc (4)]
  4236 | D:4      | Reached XP level 7. HP: 50/56 MP: 6/6
  4253 | D:4      | Reached skill level 10 in Axes
  4338 | D:4      | Found an ornate altar of the Wu Jian Council.
  4880 | D:4      | Gained mutation: You are somewhat inexperienced. (-2 XL)
                  | [Ru sacrifice]
  4880 | D:4      | Reached XP level 6. HP: 50/50 MP: 5/5
  4880 | D:4      | Reached XP level 5. HP: 42/42 MP: 4/4
  4880 | D:4      | Reached * piety under Ru
  4880 | D:4      | Reached ** piety under Ru
  5128 | D:4      | Found a staircase to the Ecumenical Temple.
  5340 | D:5      | Entered Level 5 of the Dungeon
  5340 | D:5      | Found a snail-covered altar of Cheibriados.
  5394 | D:5      | Reached XP level 6. HP: 36/50 MP: 5/5
  5540 | D:5      | Noticed a sky beast
  5570 | D:5      | Killed a sky beast
  5571 | D:5      | Reached skill level 11 in Axes
  6223 | D:5      | Reached XP level 7. HP: 30/56 MP: 6/6
  6561 | D:5      | Reached skill level 12 in Axes
  7196 | D:6      | Got a clouded lapis lazuli ring
  7198 | D:6      | Identified the ring of Xom's Bemusement {Ice MP+9 Str+2
                  | SInv} (You found it on level 6 of the Dungeon)
  7240 | D:6      | Found a white marble altar of Elyvilon.
  7240 | D:6      | Found a radiant altar of Vehumet.
  7241 | D:6      | Found a broken altar of Ashenzari.
  7861 | D:6      | Reached skill level 1 in Armour
  8014 | D:7      | Reached XP level 8. HP: 62/62 MP: 7/7
  8047 | D:7      | Gained mutation: You take slightly more damage. (AC -5) [Ru
                  | sacrifice]
  8047 | D:7      | Reached *** piety under Ru
  9090 | D:8      | Found a basalt altar of Yredelemnul.
  9090 | D:8      | Found a hazy altar of Hepliaklqana.
  9234 | D:8      | Reached skill level 13 in Axes
  9266 | D:8      | HP: 3/66 [killer bee (3)]
  9267 | D:8      | Slain by a killer bee

Illustrated notes

Levels and vault maps discovered:
D:1:      nzn_arrival_crosshair, layout_basic
D:2:      layout_loops_ring, marbit_many_paths, minmay_tetromino_o2,
          uniq_natasha, uniq_terence, uniq_robin
D:3:      kb_forest_paths, layout_basic, gup_sewer_entry_pipe
D:4:      layout_basic, nicolae_overflow_crystal_walls, temple_hall
D:5:      layout_loops_corners, cheibriados_altar_1
D:6:      layout_basic, gammafunk_temple_overflow_forgotten,
          nicolae_zen_rock_garden
D:7:      layout_basic
D:8:      layout_layer_cave, chequers_temple_overflow_statue_of_worship,
          hex_large

Skill      XL: |  1  2  3  4  5  6  7  8 |
---------------+-------------------------+-----
Axes           | 4 5 6 8 11 12 13 | 13.0
Armour         | 1 3 |  3.3
Fighting       | 4 |  4.3
Throwing       | 3 |  3.5
Dodging        | |  3.2

Action                   |  1- 3 |  4- 6 |  7- 9 || total
-------------------------+-------+-------+-------++-------
Melee: War axe           |    59 |   328 |    91 ||   478
       Headbutt          |     8 |    47 |    20 ||    75
       Kick              |       |    30 |    52 ||    82
       Battleaxe         |       |       |    85 ||    85
Invok: Sacrifice Essence |       |     1 |       ||     1
       Sacrifice Experie |       |     1 |       ||     1
       Sacrifice Health  |       |       |     1 ||     1
  Use: Scroll            |       |     5 |       ||     5
       Potion            |       |     4 |     1 ||     5
 Stab: Invisible         |       |       |     3 ||     3
Armor: Leather armour    |    15 |       |       ||    15
       Chain mail        |       |   166 |    61 ||   227
       Skin              |       |       |     2 ||     2
Dodge: Dodged            |    37 |   166 |    91 ||   294
